 Dungeon Crawl Stone Soup version 0.31-a0-1612-g4aaf141 (webtiles) character file.

Game seed: 16428535645193914245

68 PidgeyThePirate the Ruffian (level 4, 0/32 HPs)
             Began as a Demonspawn Shapeshifter on Jan 9, 2024.
             Succumbed to a water moccasin's poison
             ... on level 3 of the Dungeon.
             The game lasted 00:03:57 (1557 turns).

PidgeyThePirate the Ruffian (DsSh)                  Turns: 1557, Time: 00:03:58

Health: 0/32       AC:  8    Str: 22    XL:     4   Next: 1%
Magic:  4/4        EV: 12    Int: 11    God:
Gold:   71         SH:  0    Dex: 12    Spells: 3/3 levels left

rFire   . .          .
                       - Unarmed
rCold   . . .        (no shield)
rNeg    . . .        h - +1 leather armour
rPois   .            (helmet currently unavailable)
rElec   .            (cloak currently unavailable)
rCorr   .            (gloves currently unavailable)
SInv    .            (boots currently unavailable)
Will    .....        (no amulet)
Stlth   +            e - +6 ring of strength
HPRegen 0.25/turn    m - +4 ring of protection
MPRegen 0.09/turn

%: no passive effects
@: lethally poisoned (0 -> -6), about to teleport, beast-form, attractive
A: beast (slay +1), claws 2, sturdy frame 1
a: Begin Untransformation


You were on level 3 of the Dungeon.
You were a hulking beast.
You visited 1 branch of the dungeon, and saw 3 of its levels.

You collected 71 gold pieces.

Inventory:

Hand Weapons
 n - the +5 Lochaber axe {reach-cleave, Poleaxe ^Drain}
   (You found it on level 2 of the Dungeon)

   Poleaxe:   It uses either Axes or Polearms skill, whichever is higher.
   ^Drain:    It drains your maximum health when unequipped.
Armour
 a - a +0 animal skin
 h - a +1 leather armour (worn)
Jewellery
 e - a +6 ring of strength (left claw)
 m - a +4 ring of protection (right claw)
Talismans
 c - a beast talisman
 d - a flux talisman
Scrolls
 j - a scroll of poison
Potions
 b - a potion of lignification


   Skills:
 + Level 1.4 Fighting
 + Level 2.3 Dodging
 + Level 3.7 Unarmed Combat
 + Level 2.9 Shapeshifting


You had 3 spell levels left.
You didn't know any spells.
Your spell library contained the following spells:

 Spells                   Type           Power      Damage    Failure   Level
 Kiss of Death            Conj/Necr      0%         2d5       36%         1
 Confusing Touch          Hex            0%         N/A       73%         3
 Dispel Undead            Necr           0%         3d6       98%         4


Dungeon Overview and Level Annotations

Branches:
Dungeon (3/15)

Altars:


Innate Abilities, Weirdness & Mutations

You are a hulking beast.
Your limbs bulge with bestial killing power. (Slay +1)
You have very sharp fingernails.
Your movements are slightly less encumbered by armour. (ER -2)


Message History

You feel sick. The water moccasin bites you.
You are lethally poisoned!
The water moccasin poisons you! The water moccasin bites you!
* * * LOW HITPOINT WARNING * * *
As you read the scroll labelled QIQEK IMILICOCK, it crumbles to dust.
It is a scroll of amnesia.
You feel forgetful for a moment.
* * * LOW HITPOINT WARNING * * *
You feel very sick.
The water moccasin bites you but does no damage.
You feel better. The water moccasin misses you.
As you read the scroll labelled YLAUKI YLECROR, it crumbles to dust.
It is a scroll of enchant armour.
Your +0 leather armour glows green for a moment.
The water moccasin barely misses you.
The water moccasin bites you but does no damage.
As you read the scroll labelled FOROIV HOAKHI, it crumbles to dust.
You hear a loud clanging noise!
It was a scroll of noise.
You hear an angry hiss.
The water moccasin bites you.
* * * LOW HITPOINT WARNING * * *
As you read the scroll labelled LEPIPLASTRA, it crumbles to dust.
It is a scroll of identify.
p - a scroll of teleportation The water moccasin closely misses you. x2
As you read the scroll of teleportation, it crumbles to dust.
You feel strangely unstable. The water moccasin bites you.
* * * LOW HITPOINT WARNING * * *
You are lethally poisoned!
The water moccasin poisons you!
There is a lethal amount of poison in your body!
You scratch the water moccasin.
The water moccasin is lightly wounded.
* * * LOW HITPOINT WARNING * * *
You feel very sick.
The water moccasin bites you but does no damage.
You barely miss the water moccasin.
The water moccasin is lightly wounded.
You die...

##. ☼○ ### §§ §☼..
#§ ☼§.##° #### .
#☼. §###.h§..
§§##§<#§b.hhh.h
#○○§§§#S#
###°§§§h#####
§§§§§☼§○°§§§######
§☼§☼○#####○°§§°..#
§§☼○. ####§§#.#
§§§. ##.#.### °○.
#.#...# §..
#.....# ##....#
##...#


You could see a water moccasin and a bat.

Vanquished Creatures
  3 adders (D:2)
  A dart slug (D:1)
  A ribbon worm (D:2)
  6 ball pythons
  An endoplasm (D:1)
  3 goblins
  4 hobgoblins
  2 jackals (D:1)
  A quokka (D:1)
  5 bats
  3 frilled lizards (D:1)
  3 kobolds
  4 rats
37 creatures vanquished.

Notes
Turn   | Place    | Note
-------+----------+-------------------------------------------
     0 | D:1      | PidgeyThePirate the Demonspawn Shapeshifter began the quest
                  | for the Orb.
     0 | D:1      | Reached XP level 1. HP: 15/15 MP: 1/1
    80 | D:1      | Reached skill level 3 in Unarmed Combat
    81 | D:1      | Gained mutation: Your movements are slightly less
                  | encumbered by armour. (ER -2) [demonic ancestry]
    81 | D:1      | Reached XP level 2. HP: 14/21 MP: 2/2
   563 | D:2      | Found the +5 Lochaber axe {reach-cleave, Poleaxe ^Drain}
   761 | D:2      | Gained mutation: You have sharp fingernails. [demonic
                  | ancestry]
   761 | D:2      | Reached XP level 3. HP: 26/26 MP: 3/3
  1525 | D:3      | Gained mutation: You have very sharp fingernails. [demonic
                  | ancestry]
  1525 | D:3      | Reached XP level 4. HP: 32/32 MP: 4/4
  1544 | D:3      | Noticed a water moccasin
  1556 | D:3      | HP: 1/32 [poisoned by a water moccasin]
  1557 | D:3      | Succumbed to a water moccasin's poison

Illustrated notes

Levels and vault maps discovered:
D:1:      dpeg_arrival_ternary, layout_rooms
D:2:      layout_loops_corners, minmay_misc_feat_encased
D:3:      layout_rooms, nicolae_overflow_quartered_altars, hex_intersection

Skill      XL: |  1  2  3 |
---------------+----------+-----
Unarmed Combat | 3 |  3.7
Dodging        | 2 |  2.3
Fighting       | |  1.4
Shapeshifting  | |  2.9

Action                     |  1- 3 |  4- 6 || total
---------------------------+-------+-------++-------
  Melee: Unarmed           |    89 |     3 ||    92
         Punch             |     2 |       ||     2
    Use: Scroll            |       |     6 ||     6
         Potion            |       |     3 ||     3
 Armour: Animal skin       |    11 |       ||    11
         Leather armour    |    40 |     9 ||    49
  Dodge: Dodged            |    71 |     7 ||    78

Table legend: (Time is in decaauts)
 A = Elapsed time spent in this place.
 B = Non-inter-level travel time spent in this place.
 C = Inter-level travel time spent in this place.
 D = Time resting spent in this place.
 E = Time spent auto-exploring this place.
 F = Levels seen in this place.
 G = Mean time per level.
                   A        B        C        D        E       F      G
               +--------+--------+--------+--------+--------+-----+--------+
         Total |   1550 |   1484 |     66 |      0 |   1130 |   3 |  516.7 |
       Dungeon |   1550 |   1484 |     66 |      0 |   1130 |   3 |  516.7 |
               +--------+--------+--------+--------+--------+-----+--------+

Top non-repeatable levels by time:
     D:2: 968 daAuts
     D:1: 541 daAuts
     D:3: 40 daAuts
